 Dungeon Crawl Stone Soup version 0.31-a0-7-g51783674b7 (webtiles) character file.

Game seed: 16078588112662865863

1701 ketsa the Conjurer (level 9, -22/57 HPs)
             Began as a Human Conjurer on May 5, 2023.
             Annihilated by Duvessa
             ... wielding the +5 great sword "Huwn" {vamp, rElec rN+ Will+}
              (28 damage)
             ... on level 7 of the Dungeon.
             The game lasted 00:26:52 (7645 turns).

ketsa the Conjurer (Human Conjurer)                 Turns: 7645, Time: 00:26:54

Health: -22/57     AC:  5    Str:  7    XL:     9   Next: 23%
Magic:  8/17       EV: 27    Int: 23    God:
Gold:   72         SH:  0    Dex: 14    Spells: 12/18 levels left

rFire   . . .        x - staff of conjuration "Nokoruug" {Dex+2}
rCold   . . .        (no shield)
rNeg    . . .        H - +2 robe {Will+}
rPois   .            (no helmet)
rElec   .            i - scarf {shadows}
rCorr   .            (no gloves)
SInv    .            L - +0 pair of boots
Will    +....        y - amulet of the acrobat
Stlth   ++           (no ring)
HPRegen 0.29/turn    (no ring)
MPRegen 0.15/turn

%: acrobat
@: acrobatic
A: no striking features
a: no special abilities


You were on level 7 of the Dungeon.
You visited 2 branches of the dungeon, and saw 8 of its levels.

You collected 319 gold pieces.
You spent 247 gold pieces at shops.

Inventory:

Hand Weapons
 c - a +0 dagger
 p - a +0 short sword
 t - a +0 dagger of venom
Missiles
 e - 82 stones
 F - 8 boomerangs
Armour
 a - a +0 robe
 i - a scarf of shadows (worn)
 r - a +0 buckler
 H - a +2 robe of willpower (worn)
 L - a +0 pair of boots (worn)
Magical Staves
 v - a staff of poison
 x - the staff of conjuration "Nokoruug" (weapon) {Dex+2}
   (You found it on level 3 of the Dungeon)

   [staff of conjuration]

   Base accuracy: +5 Base damage: 5 Base attack delay: 1.2 This weapon's minimum
   attack delay (0.6) is reached at skill level 12.
   Dex:       It affects your dexterity (+2).
   It falls into the 'Staves' category.
   It is a one-handed weapon.
Jewellery
 n - a ring of ice
 y - an amulet of the acrobat (around neck)
 B - an amulet of faith
Wands
 J - a wand of polymorph (10)
 M - a wand of paralysis (6)
Scrolls
 f - a scroll of noise {unknown}
 g - a scroll of blinking {unknown}
 h - a scroll of magic mapping {unknown}
 k - a scroll of poison
 l - 2 scrolls of brand weapon {unknown}
 m - 3 scrolls of teleportation
 q - a scroll of fear {unknown}
 s - 2 scrolls of enchant armour {unknown}
 u - a scroll of acquirement {unknown}
 A - 3 scrolls of vulnerability {unknown}
 D - a scroll of butterflies {unknown}
 I - a scroll of fog {unknown}
 K - a scroll of immolation {unknown}
 O - a scroll of amnesia {unknown}
Potions
 b - 2 potions of magic
 d - a potion of haste
 j - a potion of invisibility
 o - a potion of berserk rage
 w - 2 potions of mutation
 z - a potion of flight {unknown}
 C - a potion of lignification {unknown}
 E - 2 potions of degeneration {unknown}
 G - a potion of heal wounds {unknown}
 N - a potion of brilliance {unknown}


   Skills:
 + Level 4.4 Staves
 - Level 2.0 Dodging
 - Level 3.7 Stealth
 + Level 5.3 Spellcasting
 * Level 7.0 Conjurations
 + Level 5.3 Hexes


You had 12 spell levels left.
You knew the following spells:

 Your Spells              Type           Power      Damage    Failure   Level
a - Magic Dart            Conj           100%       1d8       1%          1
b - Searing Ray           Conj           100%       2d8       1%          2
c - Dazzling Flash        Conj/Hex       100%       N/A       2%          3

Your spell library contained the following spells:

 Spells                   Type           Power      Damage    Failure   Level
 Fulminant Prism          Conj/Hex       25%        3d14      7%          4
 Sting                    Tmut/Pois      24%        1d4       9%          1
 Poisonous Vapours        Pois/Air       12%        N/A       14%         2
 Iskenderun's Mystic Bla  Conj/Tloc      33%        2d8       22%         4
 Silence                  Hex/Air        9%         N/A       63%         5
 Olgreb's Toxic Radiance  Pois           6%         N/A       65%         4
 Passage of Golubria      Tloc           6%         N/A       65%         4
 Lehudib's Crystal Spear  Conj/Erth      16%        10d5      100%        8


Dungeon Overview and Level Annotations

Branches:
Dungeon (7/15)             Temple (1/1) D:5

Altars:
Ashenzari
Cheibriados
Dithmenos
Elyvilon
Fedhas
Gozag
Hepliaklqana
Kikubaaqudgha
Makhleb
Nemelex Xobeh
Okawaru
Qazlal
Ru
Trog
Uskayaw
Wu Jian
Yredelemnul
Zin

Shops:
D:4 !   D:6 [

Annotations:
D:7 Duvessa


Message History

Confirm with . or Enter, or press ? or * to list all spells.
Aiming: Searing Ray (safe; 1% risk of failure)
Press: ? - help, Shift-Dir - straight line, f - Duvessa
Aim: Duvessa, wielding the +5 great sword "Huwn" {vamp, rElec rN+ Will+}, wearing a +1 ring mail of cold resistance and wearing a ring of willpower (berserk, 87% to hit)
You feel a surge of power!
The searing ray hits Duvessa!
Duvessa is lightly wounded. (Press . to maintain the ray.)
The searing ray hits Duvessa but does no damage.
Duvessa is lightly wounded.
Duvessa closely misses you.
The searing ray hits Duvessa!
Duvessa is moderately wounded.
Duvessa completely misses you.
The searing ray hits Duvessa.
Duvessa is heavily wounded.
You finish channelling your searing ray.
Duvessa completely misses you. Duvessa misses you.
Casting: Searing Ray (safe; 1% risk of failure)
Confirm with . or Enter, or press ? or * to list all spells.
Aiming: Searing Ray (safe; 1% risk of failure)
Press: ? - help, Shift-Dir - straight line, f/p - Duvessa
Aim: Duvessa, wielding the +5 great sword "Huwn" {vamp, rElec rN+ Will+}, wearing a +1 ring mail of cold resistance and wearing a ring of willpower (heavily wounded, berserk, 87% to hit)
You feel a surge of power!
The searing ray hits Duvessa!
Duvessa is severely wounded. (Press . to maintain the ray.) Duvessa closely misses you.
The searing ray hits Duvessa but does no damage.
Duvessa is severely wounded.
Duvessa misses you.
Duvessa hits you with the +5 great sword "Huwn" {vamp, rElec rN+ Will+}!!!
Ouch! That really hurt!
The searing ray hits Duvessa.
Duvessa is severely wounded.
Duvessa misses you.
The searing ray misses Duvessa.
You finish channelling your searing ray.
Duvessa hits you with the +5 great sword "Huwn" {vamp, rElec rN+ Will+}!
* * * LOW HITPOINT WARNING * * *
Duvessa hits you with the +5 great sword "Huwn" {vamp, rElec rN+ Will+}!!
You die...

.. ## ###
...##8###8###
............#######
.⌠.....e@.)†<......
...................
...##8###8#........
.. ## ###........
#########


You could see Duvessa (berserk).

Vanquished Creatures
  Menkaure (D:7)
  A water moccasin (D:7)
  An ice beast (D:5)
  An ogre (D:6)
  2 black bears
  A centaur (D:5)
  2 bullfrogs (D:6)
  3 scorpions
  Dowan (D:7)
  A wight (D:6)
  A gnoll bouda (D:6)
  6 hounds
  2 jellies
  3 orc wizards
  4 iguanas
  13 adders
  A shadow imp (D:3)
  A worm (D:3)
  13 orcs
  5 ball pythons
  4 endoplasms
  2 giant cockroaches (D:1)
  5 goblins
  3 hobgoblins
  4 jackals (D:2)
  3 quokkas
  5 bats
  6 frilled lizards
  14 kobolds
  4 rats
113 creatures vanquished.

Notes
Turn   | Place    | Note
-------+----------+-------------------------------------------
     0 | D:1      | ketsa the Human Conjurer began the quest for the Orb.
     0 | D:1      | Reached XP level 1. HP: 13/13 MP: 3/3
   157 | D:1      | Found an ornate altar of the Wu Jian Council.
   184 | D:1      | Reached XP level 2. HP: 19/19 MP: 5/5
   680 | D:1      | Reached XP level 3. HP: 24/24 MP: 2/6
   727 | D:1      | Learned a level 2 spell: Searing Ray
  1603 | D:2      | Reached XP level 4. HP: 30/30 MP: 6/8
  1921 | D:3      | Noticed a phantom
  2196 | D:3      | Identified the staff of conjuration "Nokoruug" {Dex+2}
  2267 | D:3      | Reached skill level 5 in Conjurations
  2267 | D:3      | Reached XP level 5. HP: 35/35 MP: 4/10
  2670 | D:4      | Found Loge's Distillery.
  2691 | D:4      | Reached skill level 1 in Hexes
  2773 | D:4      | Reached skill level 1 in Staves
  2788 | D:4      | HP: 1/35 [adder (3)]
  2928 | D:4      | Noticed a black bear
  2943 | D:4      | Reached XP level 6. HP: 41/41 MP: 3/11
  3834 | D:5      | Entered Level 5 of the Dungeon
  4351 | D:5      | Reached XP level 7. HP: 46/46 MP: 8/13
  4560 | D:5      | Found a staircase to the Ecumenical Temple.
  4607 | Temple   | Entered the Ecumenical Temple
  5378 | D:5      | Found a white marble altar of Elyvilon.
  5700 | D:6      | Reached XP level 8. HP: 52/52 MP: 8/14
  5895 | D:6      | Found Waigemes's Armour Boutique.
  5897 | D:6      | Bought a +2 robe of willpower for 247 gold pieces
  6065 | D:6      | Reached skill level 6 in Conjurations
  6301 | D:7      | Noticed Dowan
  6384 | D:6      | Found a snail-covered altar of Cheibriados.
  6649 | D:7      | Noticed Menkaure
  6652 | D:7      | Killed Menkaure
  6743 | D:6      | Learned a level 3 spell: Dazzling Flash
  7041 | D:6      | Reached skill level 5 in Spellcasting
  7169 | D:6      | Reached skill level 5 in Hexes
  7169 | D:6      | Reached XP level 9. HP: 57/57 MP: 10/16
  7561 | D:7      | Killed Dowan
  7565 | D:7      | Reached skill level 7 in Conjurations
  7635 | D:7      | Identified the +5 great sword "Huwn" {vamp, rElec rN+
                  | Will+}
  7635 | D:7      | Noticed Duvessa
  7645 | D:7      | Annihilated by Duvessa

Illustrated notes

Levels and vault maps discovered:
D:1:      sevenhm_arrival_forest_fort_small_6, layout_basic
D:2:      layout_loops_ring
D:3:      layout_rooms, solitary_fountain, minmay_vboxes
D:4:      layout_basic, serial_shops, kennysheep_mini_moat
D:5:      layout_basic, nicolae_elyvilon_peaceful_grove,
          minmay_temple_entry_antechambers, minmay_misc_feat_plants
D:6:      nicolae_cairo_tiling_large, layout_loops_ring, kennysheep_mini,
          serial_shops, shop, minmay_increasing_density
D:7:      layout_rooms, mainiacjoe_overflow_24_doors, serial_corexii_hall,
          corexii_hall_statues_x, chequers_hall_statues_corner_a,
          corexii_hall_statues_x, kennysheep_generic_room_9, uniq_duvessa,
          uniq_menkaure
Temple:   nicolae_temple_slightly_damp_pantheon

Skill      XL: |  1  2  3  4  5  6  7  8  9 |
---------------+----------------------------+-----
Spellcasting   | 3 4 5 |  5.3
Conjurations   | 5 6 7 |  7.0
Hexes          | 1 2 3 5 |  5.3
Staves         | 1 2 4 |  4.4
Stealth        | 3 |  3.7
Dodging        | |  2.0

Action                     |  1- 3 |  4- 6 |  7- 9 || total
---------------------------+-------+-------+-------++-------
  Melee: Dagger            |    10 |     5 |       ||    15
         Staff             |       |     3 |    13 ||    16
   Cast: Magic Dart        |    59 |    57 |    47 ||   163
         Searing Ray       |     1 |    13 |    34 ||    48
    Use: Potion            |       |     3 |       ||     3
         Scroll            |       |     2 |     3 ||     5
   Stab: Sleeping          |     1 |       |       ||     1
 Armour: Robe              |     3 |     5 |     7 ||    15
  Dodge: Dodged            |     7 |    14 |    32 ||    53

Table legend: (Time is in decaauts)
 A = Elapsed time spent in this place.
 B = Non-inter-level travel time spent in this place.
 C = Inter-level travel time spent in this place.
 D = Time resting spent in this place.
 E = Time spent auto-exploring this place.
 F = Levels seen in this place.
 G = Mean time per level.
                   A        B        C        D        E       F      G
               +--------+--------+--------+--------+--------+-----+--------+
         Total |   7630 |   7275 |    355 |   2450 |   3460 |   8 |  953.8 |
       Dungeon |   7428 |   7090 |    338 |   2450 |   3292 |   7 | 1061.1 |
        Temple |    202 |    185 |     17 |      0 |    168 |   1 |  202.0 |
               +--------+--------+--------+--------+--------+-----+--------+

Top non-repeatable levels by time:
     D:6: 1793 daAuts
     D:5: 1617 daAuts
     D:4: 1263 daAuts
     D:2: 1095 daAuts
     D:1: 894 daAuts
     D:3: 647 daAuts
  Temple: 202 daAuts
     D:7: 116 daAuts
